 Dungeon Crawl Stone Soup version 0.22-b1-59-g0aedee734a (webtiles) character file.

455 Pisosu the Scholar of Death (level 6, -8/33 HPs)
             Began as a Deep Elf Necromancer on Aug 9, 2018.
             Was a Follower of Kikubaaqudgha.
             Shot with an arrow by a centaur (13 damage)
             ... on level 5 of the Dungeon.
             The game lasted 00:18:46 (5112 turns).

Pisosu the Scholar of Death (Deep Elf Necromancer)  Turns: 5112, Time: 00:18:46

Health: -8/33      AC:  4    Str:  5    XL:     6   Next: 76%
Magic:  15/17      EV: 10    Int: 22    God:    Kikubaaqudgha [*.....]
Gold:   226        SH:  8    Dex: 15    Spells: 14/17 levels left

rFire    . . .     SeeInvis .   m - +1 dagger (speed)
rCold    . . .     Gourm    .   d - +2 shield
rNeg     . . .     Faith    .   n - +0 robe
rPois    .         Spirit   .   (no helmet)
rElec    .         Reflect  .   (no cloak)
rCorr    .         Harm     .   p - +2 pair of gloves
MR       +....                  j - +0 pair of boots
Stlth    ++........             (no amulet)
HPRegen  0.11/turn              v - ring of protection from magic
MPRegen  0.15/turn              w - -2 ring of protection (curse)

@: no status effects
A: no striking features
a: Receive Corpses, Renounce Religion


You were on level 5 of the Dungeon.
You worshipped Kikubaaqudgha.
Kikubaaqudgha was aware of your devotion.
You were not hungry.

You visited 1 branch of the dungeon, and saw 5 of its levels.

You collected 226 gold pieces.

Inventory:

Hand Weapons
 h - a +0 hunting sling
 m - a +1 dagger of speed (weapon)
Armour
 d - a +2 shield (worn)
 j - a +0 pair of boots (worn)
 n - a +0 robe (worn)
 p - a +2 pair of gloves (worn)
Jewellery
 v - a ring of protection from magic (left hand)
 w - a cursed -2 ring of protection (right hand)
Scrolls
 e - a scroll of enchant armour {unknown}
 f - a scroll of remove curse
 i - a scroll of blinking
 o - 3 scrolls of magic mapping
 r - 2 scrolls of amnesia
 t - 2 scrolls of fear
 u - 2 scrolls of immolation
 x - a scroll of fog
Potions
 a - a potion of mutation
 b - 4 potions of resistance
 k - 2 potions of lignification
 l - 3 potions of heal wounds
 q - a potion of flight {unknown}
 s - a potion of degeneration {unknown}
 z - a potion of haste {unknown}
 A - a potion of agility {unknown}
Comestibles
 c - 8 rations
 g - a chunk of flesh


   Skills:
 + Level 0.3 Fighting
 - Level 0.7 Short Blades
 + Level 3.3 Dodging
 + Level 3.5 Stealth
 + Level 6.0 Spellcasting
 + Level 7.6 Necromancy


You had 14 spell levels left.
You knew the following spells:

 Your Spells              Type           Power        Failure   Level  Hunger
a - Pain                  Necr           ####         2%          1    None
b - Corpse Rot            Necr           N/A          4%          2    None

Your spell library contained the following spells:

 Spells                   Type           Power        Failure   Level  Hunger
 Animate Dead             Necr           N/A          28%         4    ###....
 Animate Skeleton         Necr           N/A          2%          1    None
 Vampiric Draining        Necr           #####.....   9%          3    #......
 Regeneration             Chrm/Necr      ###.......   38%         3    #......
 Sublimation of Blood     Necr           #####.....   4%          2    None


Dungeon Overview and Level Annotations

Branches:
Dungeon (5/15)
 Temple: D:4-7

Altars:
Fedhas
Kikubaaqudgha
Makhleb
Nemelex Xobeh
Okawaru
Sif Muna
Trog
Uskayaw
Yredelemnul


Message History

The centaur shoots an arrow.
You block the arrow.
Casting: Pain (safe; 2% risk of failure)
Confirm with . or Enter, or press ? or * to list all spells.
Aiming: Pain (safe; 2% risk of failure)
Press: ? - help, Shift-Dir - straight line, f/p - centaur
Aim: a centaur, wielding a shortbow (lightly wounded, chance to defeat MR: 84%)
The centaur writhes in agony!
The centaur shoots an arrow.
The arrow closely misses you.
The centaur shoots an arrow.
The arrow hits you.
You see here an arrow.
The centaur shoots an arrow.
The arrow closely misses you.
The centaur shoots an arrow.
You block the arrow.
You see here an arrow.
The adder barely misses you.
The centaur shoots an arrow.
The arrow hits you!
* * * LOW HITPOINT WARNING * * *
You see here an arrow.
The centaur shoots an arrow.
The arrow hits you!
You die...
Kikubaaqudgha rasps: "You have failed me!
Welcome... death!"

#.......## ...#....)## ###
..###.....# #..
..........########## #.###
#.).).#............ #%#..
#.._..##..........# #$#.#
#.).).#..########.# #.#.#
..................#####.#.##
..###....#######@(S.(..((..#
...#...............c..(.##.#
#.....#..#################.#
#..####..######## #.# #.##
#.......... #.#
...#####.######## #.#
..........# #.# ...#####..#
#.# #.## #..# #.#


You could see a centaur and an adder.

Vanquished Creatures
  A centaur (D:5)
  A howler monkey (D:4)
  An orc priest (D:4)
  Jessica (D:3)
  An iguana (D:4)
  Natasha (twice) (D:4)
  A worker ant (D:4)
  A hound skeleton (D:4)
  7 gnolls
  An adder (D:2)
  A shadow imp (D:5)
  5 worms
  A dart slug (D:2)
  3 leopard geckos
  9 orcs (D:4)
  7 giant cockroaches
  5 goblins
  7 hobgoblins
  2 jackals (D:5)
  3 kobolds
  A ball python (D:2)
  3 bats (D:2)
  5 frilled lizards
  5 rats
74 creatures vanquished.

Notes
Turn   | Place    | Note
-------+----------+-------------------------------------------
     0 | D:1      | Pisosu the Deep Elf Necromancer began the quest for the Orb.
     0 | D:1      | Reached XP level 1. HP: 10/10 MP: 6/6
   182 | D:1      | Reached skill level 5 in Necromancy
   522 | D:1      | Reached XP level 2. HP: 2/15 MP: 5/8
  1249 | D:2      | Reached XP level 3. HP: 1/19 MP: 3/9
  1891 | D:2      | Reached XP level 4. HP: 22/24 MP: 8/11
  2419 | D:2      | Found a sparkling altar of Nemelex Xobeh.
  2419 | D:2      | Found a deep blue altar of Sif Muna.
  2480 | D:2      | Found a burning altar of Makhleb.
  2800 | D:3      | Found a hide-covered altar of Uskayaw.
  2803 | D:3      | Noticed a hand axe
  2804 | D:3      | Noticed a hand axe
  2805 | D:3      | Noticed Jessica
  2806 | D:3      | Killed Jessica
  2806 | D:3      | Reached skill level 6 in Necromancy
  2855 | D:3      | Found an ancient bone altar of Kikubaaqudgha.
  2864 | D:3      | Became a worshipper of Kikubaaqudgha
  2989 | D:3      | Found a basalt altar of Yredelemnul.
  3331 | D:4      | Reached XP level 5. HP: 18/28 MP: 6/13
  3797 | D:4      | Noticed a moth of wrath
  3799 | D:4      | Found a bloodstained altar of Trog.
  3973 | D:4      | Found a blossoming altar of Fedhas.
  3977 | D:4      | Reached skill level 5 in Spellcasting
  3977 | D:4      | Reached skill level 7 in Necromancy
  3988 | D:4      | Noticed Natasha
  3993 | D:4      | Killed Natasha
  3993 | D:4      | Reached XP level 6. HP: 21/33 MP: 6/15
  4165 | D:4      | Reached * piety under Kikubaaqudgha
  4165 | D:4      | Identified Kikubaaqudgha's Tome of Darkness (Kikubaaqudgha gifted it to you on level 4 of the Dungeon)
  4165 | D:4      | Received a gift from Kikubaaqudgha
  4291 | D:4      | Learned a level 2 spell: Corpse Rot
  4482 | D:4      | Noticed Natasha
  4486 | D:4      | Killed Natasha
  4523 | D:5      | Entered Level 5 of the Dungeon
  5000 | D:5      | Found an iron altar of Okawaru.
  5112 | D:5      | Shot with an arrow by a centaur

Skill      XL: |  1  2  3  4  5  6 |
---------------+-------------------+-----
Necromancy     | 5 6 7 |  7.6
Stealth        | 3 |  3.5
Spellcasting   | 4 5 6 |  6.0
Dodging        | 3 |  3.3
Fighting       | |  0.3
Short Blades   | |  0.7

Action                   |  1- 3 |  4- 6 || total
-------------------------+-------+-------++-------
Melee: Short sword       |    21 |       ||    21
       Dagger            |       |    44 ||    44
 Cast: Pain              |    30 |   129 ||   159
  Use: Scroll            |       |    11 ||    11
 Stab: Sleeping          |     4 |     1 ||     5
  Eat: Chunk             |     3 |    10 ||    13
Armor: Robe              |       |    15 ||    15
Dodge: Dodged            |     8 |    25 ||    33
Block: Shield            |    15 |    22 ||    37
